 Dungeon Crawl Stone Soup version 0.30-a0-711-gf4ac18a38d (webtiles) character file.

Game seed: 14261460634371929591

1207 sokol815 the Conjurer (level 8, 0/46 HPs)
             Began as an Octopode Fire Elementalist on Jan 22, 2023.
             Was an Initiate of Gozag.
             Slain by a water moccasin (9 damage)
             ... on level 6 of the Dungeon.
             The game lasted 00:17:32 (6828 turns).

sokol815 the Conjurer (Octopode Fire Elementalist)  Turns: 6828, Time: 00:17:33

Health: 0/46       AC:  1    Str:  8    XL:     8   Next: 45%
Magic:  8/11       EV: 13    Int: 19    God:    Gozag
Gold:   331        SH:  0    Dex: 12    Spells: 1/11 levels left

rFire   + . .      SeeInvis +    a - +2 dagger (venom)
rCold   . . .      Faith    .    (no shield)
rNeg    . . .      Spirit   .    (helmet restricted)
rPois   .          Reflect  .    (no amulet)
rElec   .          Harm     .    F - ring of protection from fire {rF+, !d}
rCorr   .          Rampage  .    V - ring of see invisible {sInv, !d}
Will    .....                    (no ring)
Stlth   +++                      (no ring)
HPRegen 0.27/turn                (no ring)
MPRegen 0.12/turn                (no ring)
                                 (no ring)
                                 (no ring)

@: gold aura
A: almost no armour, amphibious, 8 rings, camouflage 1, gelatinous body 1,
(nimble swimmer 1), tentacles
a: Renounce Religion, Potion Petition, Call Merchant, Bribe Branch


You were on level 6 of the Dungeon.
You worshipped Gozag.
Gozag was aware of your devotion.
You visited 2 branches of the dungeon, and saw 7 of its levels.

You collected 421 gold pieces.
You paid 90 gold pieces to Gozag.

Inventory:

Hand Weapons
 a - a +2 dagger of venom (weapon)
   (You took it off a kobold on level 1 of the Dungeon)
 c - a +0 hand axe of pain
   (You took it off an orc on level 3 of the Dungeon)
 f - a +2 dagger of venom
   (You took it off a kobold on level 3 of the Dungeon)
 h - a +0 club
   (You took it off a goblin on level 1 of the Dungeon)
 k - a +0 short sword
   (You found it on level 1 of the Dungeon)
 l - a +2 short sword of flaming
   (You found it on level 4 of the Dungeon)
 v - a +1 trident of freezing
   (You took it off a gnoll sergeant on level 5 of the Dungeon)
Missiles
 d - 13 poisoned darts
 e - 5 boomerangs
 s - 69 stones
 w - a throwing net {!d}
Armour
 y - an orb of guile
   (You found it on level 6 of the Dungeon)
Jewellery
 F - a ring of protection from fire (left tentacle) {rF+, !d}
   (You found it on level 2 of the Dungeon)
 V - a ring of see invisible (right tentacle) {sInv, !d}
   (You found it on level 4 of the Dungeon)
Wands
 p - a wand of paralysis (7)
   (You found it on level 2 of the Dungeon)
Scrolls
 m - a scroll of silence {unknown}
 o - a scroll of amnesia
 r - a scroll of fog
 t - 2 scrolls of enchant armour {unknown}
 u - a scroll of noise {unknown}
Potions
 b - 2 potions of cancellation
 g - 4 potions of degeneration {unknown}
 i - 2 potions of flight {unknown}
 j - a potion of lignification {unknown}
 n - a potion of berserk rage {unknown}
 q - a potion of heal wounds {unknown}
 x - a potion of might {unknown}
 J - 3 potions of curing {@q1}
 M - a potion of magic
 U - 2 potions of mutation {!q}


   Skills:
 - Level 2.0 Dodging
 * Level 4.0 Stealth
 - Level 2.0 Spellcasting
 - Level 7.0 Conjurations
 + Level 6.9 Fire Magic
 + Level 1.0 Air Magic
 + Level 1.4 Poison Magic


You had one spell level left.
You knew the following spells:

 Your Spells              Type           Power      Damage    Failure   Level
a - Foxfire               Conj/Fire      100%       2x1d9     1%          1
b - Flame Wave            Conj/Fire      28%        2d9       10%         4
c - Scorch                Fire           56%        2d8       1%          2
x - Mephitic Cloud        Conj/Pois/Air  14%        N/A       14%         3

Your spell library contained the following spells:

 Spells                   Type           Power      Damage    Failure   Level
 Inner Flame              Hex/Fire       15%        N/A       12%         3
 Stone Arrow              Conj/Erth      30%        3d8       12%         3
 Poisonous Vapours        Pois/Air       12%        N/A       16%         2
 Kindle Blastsparks       Fire/Tloc/Air  24%        2d12      17%         3
 Cigotuvi's Dreadful Rot  Necr/Pois/Air  10%        N/A       19%         2
 Ensorcelled Hibernation  Hex/Ice        2%         N/A       26%         2
 Passwall                 Tmut/Erth      0%         N/A       26%         2
 Sublimation of Blood     Necr           1%         N/A       26%         2
 Wereblood                Tmut           1%         N/A       26%         2
 Swiftness                Air            6%         N/A       32%         3
 Summon Hydra             Summ           0%         N/A       100%        7
 Lehudib's Crystal Spear  Conj/Erth      7%         10d3      100%        8
 Animate Armour           Summ/Erth      Unusable   N/A       N/A         4

Dungeon Overview and Level Annotations

Branches:
Dungeon (6/15) Zot: 26915  Temple (1/1) D:5 Zot: 5981

Altars:
Ashenzari
Cheibriados
Dithmenos
Elyvilon
Fedhas
Gozag
Hepliaklqana
Makhleb
Nemelex Xobeh
Okawaru
Ru
Sif Muna
Trog
Uskayaw
Xom
Yredelemnul
Zin

Shops:
D:1 [   D:2 (

Annotations:
D:2 Sigmund
D:4 exclusions: 2 orcs and orc priest


Innate Abilities, Weirdness & Mutations

You cannot wear most types of armour.
You are amphibious.
You can wear up to eight rings at the same time.
Your skin changes colour to match your surroundings (Stealth+).
Your rubbery body absorbs attacks. (AC +1, EV +1)
((You are camouflaged when in or above water. (Stealth+)))
You have tentacles for arms and can constrict up to eight enemies at once.


Message History

Flames lash the steam dragon.
The steam dragon's fire resistance burns away.
The ice beast hits you. The ice beast freezes you!
You take 9 damage, and have 22/46 hp.
You now have 4/11 mp.
You conjure some foxfire!
The ice beast closely misses you.
You now have 3/11 mp.
You hit the ice beast but do no damage.
A hound comes into view.
The ice beast barely misses you.
You hit the ice beast.
The ice beast is poisoned.
You tentacle-slap the ice beast, but do no damage.
You squeeze the ice beast, but do no damage.
The steam dragon is no longer more vulnerable to fire.
The ice beast is no longer more vulnerable to fire.
The ice beast barely misses you.
You hit the ice beast.
You kill the ice beast!
The adder is distracted by your dazzling golden aura.
An adder comes into view.
The steam dragon breathes steam at you. The ball of steam hits you. You resist.
The ball of steam hits your foxfire.
Your foxfire resists.
The ogre is distracted by your dazzling golden aura.
The ogre shouts!
The adder hisses angrily.
Your Stealth skill increases to level 3!
You take 3 damage, and have 19/46 hp.
Aim: a steam dragon (steam, lightly wounded, catching its breath, chance to affect: 49%)
The steam dragon resists with some effort.
Aim: a steam dragon (steam, lightly wounded, catching its breath, chance to affect: 49%)
The steam dragon suddenly stops moving!
The helpless steam dragon fails to defend itself.
You puncture the steam dragon!
The steam dragon is poisoned.
You squeeze the steam dragon.
A lemure comes into view.
The helpless steam dragon fails to defend itself.
You hit the steam dragon.
The steam dragon looks as sick as possible!
The sentinel's mark upon you fades away.
The adder is distracted by your dazzling golden aura.
The hound pauses to sniff the ground.
A lemure comes into view. x2
The helpless steam dragon fails to defend itself.
You hit the steam dragon.
The steam dragon looks as sick as possible!
You tentacle-slap the steam dragon, but do no damage.
A water moccasin comes into view.
The lemure is distracted by your dazzling golden aura.
The helpless steam dragon fails to defend itself.
You puncture the steam dragon!
You kill the steam dragon!
The lemure is distracted by your dazzling golden aura.
Training target 7.0 for Conjurations reached!
Your Stealth skill increases to level 4!
Your Conjurations skill increases to level 7!
Your Air Magic skill increases to level 1!
Your Poison Magic skill increases to level 1!
Aim: a hound (moderately wounded, chance to affect: 57%)
The hound resists with significant effort.
The lemure shouts! x2
The hound bites you. The hound barely misses you.
The ogre is distracted by your dazzling golden aura.
You take 4 damage, and have 17/46 hp.
Aim: a hound (moderately wounded, chance to affect: 57%)
The hound suddenly stops moving!
The ogre shouts!
The adder is no longer distracted by gold.
The adder is distracted by your dazzling golden aura.
Found a snail-covered altar of Cheibriados.
The adder is no longer distracted by gold.
Found a shadowy altar of Dithmenos.
The lemure is no longer distracted by gold. x2
The ogre is no longer distracted by gold.
You hit the adder. Your grab misses the adder. The adder bites you.
You are poisoned.
The adder poisons you! The adder bites you.
You take 3 damage, and have 17/46 hp.
You hit the adder.
The adder is poisoned.
You grab the adder. You constrict the adder.
You feel sick. The adder closely misses you.
You take 2 damage, and have 15/46 hp.
You completely miss the adder. You squeeze the adder. You constrict the adder.
You feel sick. The adder bites you.
* * * LOW HITPOINT WARNING * * *
You take 5 damage, and have 10/46 hp.
You hit the adder.
The adder looks as sick as possible!
You constrict the adder.
You kill the adder!
You feel sick.
You take 1 damage, and have 9/46 hp.
A lemure and a gnoll come into view.
You feel sick.
The lemure shouts!
You hear a shout!
You see here 7 gold pieces.
You feel sick.
You are no longer poisoned.
You take 1 damage, and have 8/46 hp.
The water moccasin attacks as you move away!
The water moccasin bites you!
You die...
Your body crumbles into a pile of gold.

#### ... .. ..# . .
... .. #. #.#
##....#. #.#
.........#.#
.##..#....#@####
...........S...#
..........#.##.#
.........###.##.# #
...........5..#.##.#
#.........$.........#
........<5######.####
.........5.<# #.#
............5## #.#


You could see a water moccasin and a lemure.

Vanquished Creatures
  A steam dragon (D:6)
  Menkaure (D:5)
  An orc warrior (D:5)
  2 ice beasts
  An ogre (D:4)
  A gnoll sergeant (D:5)
  A scorpion (D:5)
  4 hounds (D:5)
  An orc priest (D:5)
  2 iguanas (D:5)
  3 orc wizards
  A gnoll (D:5)
  8 adders
  4 worms
  3 dart slugs
  14 orcs
  4 bats
  8 endoplasms
  4 giant cockroaches
  8 goblins
  5 hobgoblins
  8 jackals
  6 kobolds
  2 quokkas
  6 ball pythons
  5 frilled lizards
  5 rats
  A butterfly (D:5)
110 creatures vanquished.

Vanquished Creatures (others)
  An adder (D:6)
  399 foxfires
400 creatures vanquished.

Grand Total: 510 creatures vanquished

Notes
Turn   | Place    | Note
-------+----------+-------------------------------------------
     0 | D:1      | sokol815 the Octopode Fire Elementalist began the quest for
                  | the Orb.
     0 | D:1      | Reached XP level 1. HP: 11/11 MP: 3/3
   196 | D:1      | Reached XP level 2. HP: 17/17 MP: 1/5
   449 | D:1      | Reached skill level 2 in Conjurations
   843 | D:1      | Reached XP level 3. HP: 21/21 MP: 2/6
  1108 | D:1      | Found Yrchara Coho's Antique Armour Emporium.
  1524 | D:2      | Found Oruroaph's Weapon Shoppe.
  1616 | D:2      | Noticed Sigmund
  1627 | D:1      | Reached skill level 3 in Conjurations
  1627 | D:1      | Reached XP level 4. HP: 9/27 MP: 7/7
  1728 | D:1      | Learned a level 4 spell: Flame Wave
  1909 | D:2      | Found a blossoming altar of Fedhas.
  3622 | D:4      | Reached XP level 5. HP: 31/31 MP: 1/8
  3623 | D:4      | Reached skill level 4 in Conjurations
  3623 | D:4      | Reached skill level 4 in Fire Magic
  3922 | D:4      | Learned a level 2 spell: Scorch
  4904 | D:5      | Entered Level 5 of the Dungeon
  4904 | D:5      | Noticed an ogre
  4906 | D:5      | HP: 3/31 [ogre/+0 giant club (28)]
  4926 | D:4      | Killed an ogre
  4927 | D:4      | Reached XP level 6. HP: 8/36 MP: 2/9
  5062 | D:5      | Found a blossoming altar of Fedhas.
  5169 | D:5      | Reached skill level 5 in Conjurations
  5169 | D:5      | Reached skill level 5 in Fire Magic
  5288 | D:5      | Found a staircase to the Ecumenical Temple.
  5295 | Temple   | Entered the Ecumenical Temple
  5304 | Temple   | Became a worshipper of Gozag Ym Sagoz the Greedy
  5341 | D:5      | Noticed an orc warrior
  5366 | D:5      | HP: 5/36 [orc priest/divine providence (13)]
  5505 | D:5      | Noticed an ice beast
  5519 | D:5      | Killed an ice beast
  5520 | D:5      | Reached XP level 7. HP: 41/41 MP: 5/10
  5758 | D:5      | Found a bloodstained altar of Trog.
  5758 | D:5      | Found a hide-covered altar of Uskayaw.
  5855 | D:5      | Noticed Menkaure
  5859 | D:5      | Killed Menkaure
  5860 | D:5      | Reached skill level 6 in Conjurations
  5860 | D:5      | Reached skill level 6 in Fire Magic
  6012 | D:5      | Found a white marble altar of Elyvilon.
  6189 | D:5      | Reached XP level 8. HP: 46/46 MP: 1/11
  6657 | D:5      | Learned a level 3 spell: Mephitic Cloud
  6752 | D:6      | Found a glowing silver altar of Zin.
  6796 | D:6      | Reached skill level 3 in Stealth
  6803 | D:6      | Reached skill level 4 in Stealth
  6803 | D:6      | Reached skill level 7 in Conjurations
  6803 | D:6      | Reached skill level 1 in Air Magic
  6803 | D:6      | Reached skill level 1 in Poison Magic
  6805 | D:6      | Found a snail-covered altar of Cheibriados.
  6806 | D:6      | Found a shadowy altar of Dithmenos.
  6819 | D:6      | HP: 10/46 [adder (4)]
  6828 | D:6      | Slain by a water moccasin

Illustrated notes

Levels and vault maps discovered:
D:1:      ncdulo_smallfort, layout_basic, serial_shops, shop,
          kennysheep_flooded_box
D:2:      layout_rooms, serial_shops, nicolae_shop_statue_plus, basic_altar,
          uniq_sigmund
D:3:      layout_basic
D:4:      layout_cave_pods, chequers_hall_statues_y
D:5:      layout_basic, marbit_many_paths,
          chequers_temple_overflow_statue_of_worship,
          mainiacjoe_overflow_concentric_impassable,
          minmay_temple_entry_butterflies, minmay_starry_boxes, uniq_menkaure
D:6:      layout_basic, grunt_temple_overflow_open, overflow_temple_1_default,
          mrwooster_statue_mirror, kennysheep_generic_room_8, uniq_pikel,
          uniq_crazy_yiuf_cottage, uniq_edmund
Temple:   nicolae_temple_ecumenical_triangle

Skill      XL: |  1  2  3  4  5  6  7  8 |
---------------+-------------------------+-----
Conjurations   | 2 3 4 5 6 7 |  7.0
Fire Magic     | 4 5 6 |  6.9
Stealth        | 4 |  4.0
Air Magic      | 1 |  1.0
Poison Magic   | 1 |  1.4
Dodging        | |  2.0
Spellcasting   | |  2.0

Action                     |  1- 3 |  4- 6 |  7- 9 || total
---------------------------+-------+-------+-------++-------
  Melee: Unarmed           |     7 |       |       ||     7
         Constrict         |     5 |     6 |     3 ||    14
         Dagger            |     7 |    21 |    16 ||    44
         Tentacles         |     1 |     3 |     4 ||     8
         Punch             |       |     1 |     2 ||     3
  Throw: Boomerang         |     4 |       |       ||     4
   Cast: Foxfire           |    57 |   121 |    48 ||   226
         Scorch            |       |     1 |    17 ||    18
  Evoke: Wand              |       |       |     4 ||     4
    Use: Scroll            |     3 |     8 |     1 ||    12
         Potion            |       |     2 |       ||     2
   Stab: Sleeping          |     1 |     1 |       ||     2
         Paralysed         |       |       |     4 ||     4
 Armour: Skin              |     1 |       |       ||     1
  Dodge: Dodged            |     9 |    12 |    13 ||    34

Table legend: (Time is in decaauts)
 A = Elapsed time spent in this place.
 B = Non-inter-level travel time spent in this place.
 C = Inter-level travel time spent in this place.
 D = Time resting spent in this place.
 E = Time spent auto-exploring this place.
 F = Levels seen in this place.
 G = Mean time per level.
                   A        B        C        D        E       F      G
               +--------+--------+--------+--------+--------+-----+--------+
         Total |   6790 |   6536 |    254 |   1369 |   4284 |   7 |  970.0 |
       Dungeon |   6772 |   6527 |    245 |   1369 |   4283 |   6 | 1128.7 |
        Temple |     18 |      9 |      9 |      0 |      1 |   1 |   18.0 |
               +--------+--------+--------+--------+--------+-----+--------+

Top non-repeatable levels by time:
     D:4: 1724 daAuts
     D:1: 1519 daAuts
     D:3: 1401 daAuts
     D:5: 1356 daAuts
     D:2: 685 daAuts
     D:6: 84 daAuts
  Temple: 18 daAuts

Table legend:
 A = Kills in this place as a percentage of kills in entire the game.
 B = Kills by you in this place as a percentage of kills by you in the entire game.
 C = Kills by friends in this place as a percentage of kills by friends in the entire game.
 D = Other kills in this place as a percentage of other kills in the entire game.
 E = Experience gained in this place as a percentage of experience gained in the entire game.
 F = Experience gained in this place divided by the number of levels of this place that you have seen.
                   A       B       C       D       E      F
               +-------+-------+-------+-------+-------+----------------------
         Total | 100.0 | 100.0 |   N/A |   N/A | 100.0 | 246.4
       Dungeon | 100.0 | 100.0 |   N/A |   N/A | 100.0 | 287.5
               +-------+-------+-------+-------+-------+----------------------
